[Event "Live Chess"]
[Site "Chess.com"]
[Date "2023.05.21"]
[Round "-"]
[White "Sha_25"]
[Black "AbilifyXL"]
[Result "0-1"]
[WhiteElo "1138"]
[BlackElo "1961"]
[TimeControl "300"]
[EndTime "5:14:22 PDT"]
[Termination "AbilifyXL won by checkmate"]

1. d4 d5 2. Nc3 c6 3. Nf3 Nf6 4. Bf4 Bf5 5. e3 e6 6. Bd3 Bg6 7. Ne2 Bd6 8. Bg3 O-O 9. c4 Qc7 10. Qc2 dxc4 11. Bxg6 hxg6 12. Qxc4 Nbd7 13. Rc1 Ne4 14.
O-O Bxg3 15. Nxg3 Ndf6 16. Nxe4 Nxe4 17. Qd3 Nf6 18. Rc5 Rad8 19. Rg5 Rfe8 20. Rc1 Rd5 21.
Ne5 Nd7 22. Qe4 Nxe5 23. Rxe5 Rxe5 24. Qxe5 Qxe5 25. dxe5 Rd8 26. Rb1 Rd2 27. g3 Kf8 28. Kg2 Ke7 29. h4 b6 30. a3 c5 31. b4 c4 32. b5 Rd5 33. Rb4 c3 34. Rc4 Rc5 35. Rxc5 bxc5 36. Kf1 c2 37. Ke2 c1=Q 38. Kf3 Qxa3 39. Kf4 Qb4+ 40. e4 Qxb5 41. h5 gxh5 42. g4 hxg4 43. Kxg4 Qe2+ 44. f3 c4 45. Kf4 c3 46. Kg4 c2 47. Kg5 c1=Q+ 48. f4 Qg2+ 49. Kh5 Qch1# 0-1

[Event "Live Chess"]
[Site "Chess.com"]
[Date "2023.05.21"]
[Round "-"]
[White "garyjc"]
[Black "gmnorfolk"]
[Result "0-1"]
[WhiteElo "1045"]
[BlackElo "2121"]
[TimeControl "300"]
[EndTime "5:14:25 PDT"]
[Termination "gmnorfolk won by resignation"]

1. e4 c5 2. Nc3 d6 3. f4 g6 4. Nf3 Bg7 5. Bc4 Nc6 6. O-O e6 7. Qe1 Nge7 8. d3 O-O 9. Bd2 d5 10. exd5 exd5 11. Bb3 Na5 12. Nh4 Nxb3 13. axb3 Nf5 14.
Nxf5 Bxf5 15. Qf2 d4 16. Ne4 b6 17. Rae1 Re8 18. Ng3 Qd7 19. Nxf5 Qxf5 20. Qf3 h5 21.
Rxe8+ Rxe8 22. Qb7 Re2 23. Bc1 Rxc2 24. Qxa7 Qd5 25. Qb8+ Kh7 26. Rf2 Rxc1+ 27. Rf1 Rc2 28. Rf2 Rxf2 29. Kxf2 Qxb3 30. Qd6 Qxd3 31. Qxb6 Qe3+ 32.
Kf1 d3 0-1

[Event "Live Chess"]
[Site "Chess.com"]
[Date "2023.05.21"]
[Round "-"]
[White "MarkLim1"]
[Black "manthanit"]
[Result "1-0"]
[WhiteElo "1692"]
[BlackElo "1094"]
[TimeControl "300"]
[EndTime "5:14:29 PDT"]
[Termination "MarkLim1 won by resignation"]

1. d4 e6 2. Nf3 d6 3. e4 g6 4. Nbd2 Bg7 5. Bd3 Ne7 6. c3 O-O 7. O-O c5 8. Re1 cxd4 9. cxd4 b6 10. Nf1 Bb7 11. Bf4 e5 12. dxe5 dxe5 13. Bxe5 Bxe5 14. Nxe5 Nbc6 15. Nxc6 Nxc6 16. Qe2 Nb4 17. Bc4 Qc7 18. Rac1 Rac8 19. a3 Nc6 20. b4 Ne5 21. Bd5 Qd7 22. Ne3 Bxd5 23. Nxd5 Rfe8 24. Nf6+ 1-0

[Event "Live Chess"]
[Site "Chess.com"]
[Date "2023.05.21"]
[Round "-"]
[White "Crowded_House"]
[Black "davigator"]
[Result "0-1"]
[WhiteElo "1616"]
[BlackElo "2326"]
[TimeControl "300"]
[EndTime "5:14:35 PDT"]
[Termination "davigator won by checkmate"]

1. d4 Nf6 2. Bg5 e6 3. e3 c5 4.
c3 Qb6 5. Qb3 Ne4 6. Qxb6 axb6 7.
Bf4 d5 8. Nd2 f5 9. Ngf3 c4 10.
Bc7 b5 11. Ne5 Nc6 12. Nxc6 bxc6 13. Nxe4 fxe4 14. Be5 b4 15. Be2 bxc3 16. bxc3 Ra3 17. Kd2 Rg8 18. Rhb1 Be7 19. Rb8 Kd7 20. f3 exf3 21. Bxf3 g6 22. Rb2 Rf8 23. Bg7 Rf7 24. Be5 Bd6 25. Bxd6 Kxd6 26. Rf1 Rfa7 27. Ra1 e5 28.
dxe5+ Kxe5 29. h3 Bf5 30. g4 Be4 31. Bxe4 Kxe4 32. Rc2 Kf3 33. Rf1+ Kg3 34. Rf6 R7a6 35. Rf7 h6 36. Rf6 c5 37. Rxa6 Rxa6 38. Rb2 Kxh3 39. Kc1 Kxg4 40. Kb1 Kf5 41. Rd2 Ke4 42. Rb2 g5 43.
Rb5 Rc6 44. a4 Kxe3 45. a5 Kd3 46. Rb6 Rc7 47. a6 Ra7 48. Rxh6 Kxc3 49. Rc6 Kb4 50.
Rg6 d4 51. Rb6+ Ka5 52. Rc6 Kb5 53. Rg6 Rxa6 54. Rxg5 c3 55. Rg2 Kc4 56. Rg4 Rh6 57.
Rg2 Kb3 58. Rg1 d3 59. Rg3 Rh1+ 60. Rg1 Rxg1# 0-1

[Event "Live Chess"]
[Site "Chess.com"]
[Date "2023.05.21"]
[Round "-"]
[White "Doge_Dandolo"]
[Black "BillythekidFellowes"]
[Result "1/2-1/2"]
[WhiteElo "1908"]
[BlackElo "2058"]
[TimeControl "300"]
[EndTime "5:14:43 PDT"]
[Termination "Game drawn by repetition"]

1. Nf3 Nc6 2. d4 d5 3. g3 Nf6 4. Bg2 g6 5. O-O Bg7 6. c3 O-O 7. Bg5 h6 8. Bxf6 Bxf6 9. Nbd2 Kg7 10. Qc2 e5 11. dxe5 Nxe5 12. Nxe5 Bxe5 13. Rad1 c6 14. Rfe1 Be6 15. a4 Bf6 16. Nb3 Re8 17. e4 Qc7 18.
exd5 Bxd5 19. Bxd5 cxd5 20. Qd2 Qc4 21. Nd4 Qxa4 22.
Ra1 Qc4 23. b3 Qc5 24. Rxe8 Rxe8 25. b4 Qc4 26. Rxa7 Bxd4 27. Qxd4+ Qxd4 28. cxd4 Re4 29. Rxb7 Rxd4 30. b5 Rb4 31. b6 d4 32. Kf1 d3 33.
Rd7 Rb1+ 34. Kg2 Rxb6 35. Rxd3 g5 36. Rd7 Kf6 37. Rd4 Ke5 38. Ra4 f5 39. f4+ Kf6 40. fxg5+ hxg5 41. h4 Rb2+ 42. Kg1 Kg6 43. hxg5 Kxg5 44.
Rf4 Re2 45. Kf1 Rh2 46. Kg1 Re2 47. Kf1 Rd2 48. Kg1 Re2 1/2-1/2

[Event "Live Chess"]
[Site "Chess.com"]
[Date "2023.05.21"]
[Round "-"]
[White "tpm07"]
[Black "The_Straightforward_Rook"]
[Result "1-0"]
[WhiteElo "1938"]
[BlackElo "1881"]
[TimeControl "300"]
[EndTime "5:14:49 PDT"]
[Termination "tpm07 won by resignation"]

1. d4 Nf6 2. c4 e6 3. g3 Bb4+ 4. Bd2 a5 5. Bg2 O-O 6. Nf3 d5 7. a3 Be7 8. Bf4 b6 9. cxd5 exd5 10. O-O Ba6 11. Nc3 Re8 12. Ne5 Bd6 13. Re1 h6 14.
Nxd5 Ra7 15. Nxf6+ Qxf6 16. Rc1 g5 17. Ng4 Qe6 18.
Bxd6 cxd6 19. Ne3 Nd7 20. Nd5 Nf6 21. Nc7 Rxc7 22. Rxc7 d5 23. e3 Ne4 24. Qc2 h5 25.
Qc6 Qf5 26. Qxe8+ Kg7 27. Qe5+ 1-0

[Event "Live Chess"]
[Site "Chess.com"]
[Date "2023.05.21"]
[Round "-"]
[White "LL220284LL"]
[Black "seasidecastle27"]
[Result "0-1"]
[WhiteElo "2314"]
[BlackElo "1874"]
[TimeControl "300"]
[EndTime "5:14:50 PDT"]
[Termination "seasidecastle27 won by checkmate"]

1. c4 e5 2. g3 d6 3. Bg2 Nf6 4. e3 Be7 5. Ne2 c6 6. Nbc3 O-O 7. d4 exd4 8. Nxd4 Na6 9. O-O Nc5 10.
a3 a5 11. Bd2 Be6 12. b4 axb4 13. axb4 Rxa1 14. Qxa1 Nd3 15. Nxe6 fxe6 16. Ne4 d5 17.
Nxf6+ Bxf6 18. Qa2 Qe7 19. b5 Ne5 20. bxc6 bxc6 21. cxd5 cxd5 22. Rb1 Nc4 23. Bb4 Nd6 24. Qa3 Rd8 25. Rc1 Qd7 26. Bh3 Nc4 27. Qd3 Ne5 28. Qd1 Rc8 29. Rxc8+ Qxc8 30. Bd6 Nc4 31. Bf4 Qc6 32.
e4 dxe4 33. Bg2 Qd5 34. Qc2 Qd4 35. Bxe4 h6 36. Qa4 Qxe4 37. h4 e5 38. Qe8+ Kh7 39. h5 Qb1+ 40. Kg2 exf4 41. gxf4 Nd6 42. Qe6 Qe4+ 43.
Qxe4+ Nxe4 44. Kf3 Nd6 45. Kg4 Kg8 46. Kf3 Kf7 47.
Ke3 Ke6 48. Kf3 Kf5 49. Kg3 Ne4+ 50. Kf3 Nc5 51. Kg3 Ne6 52. f3 Nxf4 53. Kf2 Nxh5 54.
Kg2 g5 55. Kh3 Nf4+ 56. Kh2 h5 57. Kg3 Ne2+ 58. Kf2 Nd4 59. Kg1 Nxf3+ 60. Kg2 g4 61. Kg3 Kg5 62. Kf2 Bd4+ 63. Kg2 h4 64. Kh1 g3 65.
Kg2 Kg4 66. Kf1 h3 67. Ke2 h2 68. Kd3 h1=Q 69. Kc4 Qd1 70. Kd5 Bf6+ 71. Ke6 Kg5 72.
Kf7 Qd7+ 73. Kg8 Qg7# 0-1

[Event "Live Chess"]
[Site "Chess.com"]
[Date "2023.05.21"]
[Round "-"]
[White "KeithArkell"]
[Black "Berdgross"]
[Result "1-0"]
[WhiteElo "2488"]
[BlackElo "682"]
[TimeControl "300"]
[EndTime "5:14:59 PDT"]
[Termination "KeithArkell won by checkmate"]

1. d4 d5 2. Nf3 e6 3. c4 dxc4 4.
e4 Nf6 5. e5 Ne4 6. Bxc4 Bb4+ 7. Nbd2 Nxd2 8. Bxd2 Bxd2+ 9. Qxd2 Nc6 10. O-O O-O 11.
d5 exd5 12. Qxd5 Qxd5 13. Bxd5 Nb4 14. Be4 Bg4 15. a3 Bxf3 16. Bxf3 Nd3 17. Bxb7 Rab8 18. Be4 Nxe5 19. b4 Rfe8 20. Rac1 c6 21. Bxc6 Rec8 22. Be4 Rxc1 23. Rxc1 a6 24. Bf5 g6 25. Rc8+ Rxc8 26.
Bxc8 Nc6 27. Bxa6 Na7 28. b5 Kf8 29. a4 Ke7 30. Bb7 Kd6 31. b6 Nc6 32. Bxc6 Kxc6 33. a5 Kb7 34. Kf1 f5 35. Ke2 Ka6 36. Ke3 h5 37. h4 Kxa5 38. b7 Kb6 39. b8=Q+ Ka6 40. Kd4 Ka5 41. Kc5 Ka4 42. Qb4# 1-0

[Event "Live Chess"]
[Site "Chess.com"]
[Date "2023.05.21"]
[Round "-"]
[White "GwaryTek"]
[Black "CheckThis4"]
[Result "0-1"]
[WhiteElo "2063"]
[BlackElo "2512"]
[TimeControl "300"]
[EndTime "5:15:10 PDT"]
[Termination "CheckThis4 won on time"]

1. d4 Nf6 2. c4 e6 3. Nc3 Bb4 4. Nf3 c5 5. g3 Nc6 6. Bg2 Ne4 7. Bd2 cxd4 8. Nxe4 d5 9. cxd5 exd5 10.
Neg5 h6 11. Nh3 Bc5 12. Rc1 Bb6 13. O-O O-O 14. Nf4 Re8 15. Nd3 Bf5 16. a3 Rc8 17. b4 a6 18. Nc5 Qe7 19. Re1 Be4 20. Bf4 Rcd8 21. Nxd4 g5 22. Be3 Ne5 23. f3 Bg6 24. Bf2 Nc4 25. Rc3 Qf6 26. e3 Re7 27. Bf1 Ne5 28. Be2 Rde8 29. Qc1 h5 30. Na4 Ba7 31. Rc8 g4 32. Rxe8+ Rxe8 33. f4 Nc6 34. Nc5 a5 35. Qd2 axb4 36. axb4 h4 37. Ra1 Bb6 38. Rc1 h3 39.
Bxg4 Qe7 40. Bxh3 Ra8 41. f5 Bh7 42. Qe2 Qg5 43. Qg4 Qxg4 44. Bxg4 Nxb4 45. Nd7 Bxd4 46. exd4 Nd3 47. Nf6+ Kg7 48. Nh5+ Kf8 49. Rd1 Nxf2 50. Kxf2 Ra2+ 51. Kf3 Ra3+ 0-1

[Event "Live Chess"]
[Site "Chess.com"]
[Date "2023.05.21"]
[Round "-"]
[White "Missedidea"]
[Black "Conradical12"]
[Result "1-0"]
[WhiteElo "1795"]
[BlackElo "1576"]
[TimeControl "300"]
[EndTime "5:15:13 PDT"]
[Termination "Missedidea won by checkmate"]

1. d4 d5 2. c4 c6 3. Nf3 Nf6 4. Nc3 Bf5 5. Qb3 Qd7 6. Ne5 dxc4 7. Nxd7 cxb3 8. Nxb8 Rxb8 9. axb3 a6 10. e3 Bc2 11.
b4 e6 12. Na2 Bb3 13. Bd2 Nd5 14. Be2 Bxa2 15. Rxa2 Nxb4 16. Ra4 Nd5 17. O-O Bd6 18. g3 O-O 19. e4 Nc7 20. e5 Be7 21. Bc3 f6 22. f4 Nd5 23. Re1 fxe5 24. fxe5 Bg5 25. Bg4 Rbe8 26. h4 Be3+ 27. Kg2 Rf2+ 28. Kh3 g6 29. h5 gxh5 30. Bxh5 Ref8 31. Bg4 Kg7 32. Bxe6 Bd2 33. Bxd5 Bxe1 34. Bxe1 Re2 35. Bb4 Rff2 36. Bc4 Rxb2 37. d5 h5 38. Kh4 Kh6 39. g4 Rf4 40. Kg3 Rxg4+ 41. Kf3 Rxc4 42. Bf8+ Kg6 43. Rxc4 cxd5 44. Rc7 b5 45. e6 Rb3+ 46. Kf4 Rb4+ 47.
Bxb4 d4 48. e7 Kf7 49. Rc8 d3 50. e8=Q+ Kf6 51. Rc6+ Kg7 52. Rg6+ Kh7 53. Qg8# 1-0

[Event "Live Chess"]
[Site "Chess.com"]
[Date "2023.05.21"]
[Round "-"]
[White "Chesscoach_Golichenko"]
[Black "DoYouLikeCurry"]
[Result "1-0"]
[WhiteElo "2612"]
[BlackElo "1442"]
[TimeControl "300"]
[EndTime "5:15:13 PDT"]
[Termination "Chesscoach_Golichenko won by resignation"]

1. d4 d5 2. Nc3 Nf6 3. Bf4 c5 4. e3 Nc6 5. Nb5 Qa5+ 6. c3 Kd7 7. Bc7 Qa6 8. dxc5 b6 9. cxb6 axb6 10. e4 Nxe4 11.
Qxd5+ Nd6 12. Nxd6 exd6 13. Bxa6 1-0

[Event "Live Chess"]
[Site "Chess.com"]
[Date "2023.05.21"]
[Round "-"]
[White "Hacker_2009"]
[Black "Oleg03082013"]
[Result "1-0"]
[WhiteElo "1937"]
[BlackElo "1142"]
[TimeControl "300"]
[EndTime "5:15:31 PDT"]
[Termination "Hacker_2009 won by checkmate"]

1. d4 d5 2. Nf3 Nf6 3. e3 Bf5 4. c4 e6 5. Nc3 Bb4 6. Bd2 Ne4 7.
Nxe4 Bxd2+ 8. Nexd2 O-O 9. Be2 Nd7 10. O-O Nf6 11. Rc1 c6 12. cxd5 exd5 13. Ne5 Re8 14. Nb3 Ne4 15. Nc5 Qh4 16. Nf3 Qh6 17. Nxb7 Qg6 18.
Ne5 Qg5 19. Nd6 Bh3 20. Bf3 Re6 21. Nxe4 Qf5 22. Ng3 Qf6 23. gxh3 Qh6 24. Bg2 Rae8 25. Qa4 Qg5 26. Rxc6 Rh6 27. Rxh6 Qxh6 28. Qxe8# 1-0

[Event "Live Chess"]
[Site "Chess.com"]
[Date "2023.05.21"]
[Round "-"]
[White "MarkLim1"]
[Black "Crowded_House"]
[Result "1-0"]
[WhiteElo "1698"]
[BlackElo "1610"]
[TimeControl "300"]
[EndTime "5:15:50 PDT"]
[Termination "MarkLim1 won by resignation"]

1. d4 e6 2. Nf3 d5 3. c4 c5 4. cxd5 Qxd5 5. Nc3 Qc6 6. e4 Nf6 7. Bb5 a6 8. Bxc6+ bxc6 9. O-O cxd4 10. Nxd4 c5 11. Nf3 Bb7 12. e5 1-0

[Event "Live Chess"]
[Site "Chess.com"]
[Date "2023.05.21"]
[Round "-"]
[White "Tilbs_12"]
[Black "defenderalist"]
[Result "1-0"]
[WhiteElo "1583"]
[BlackElo "1641"]
[TimeControl "300"]
[EndTime "5:15:59 PDT"]
[Termination "Tilbs_12 won by checkmate"]

1. e4 e6 2. d4 d5 3. e5 c5 4. c3 Nc6 5. Nf3 g6 6. Bd3 c4 7. Bc2 Bg7 8. O-O Nge7 9. Bg5 Qc7 10. Re1 h6 11. Bh4 g5 12. Bg3 Nf5 13. Na3 Nxg3 14. fxg3 a6 15. b4 cxb3 16. axb3 Bd7 17. Qd3 Na7 18. c4 dxc4 19. bxc4 O-O 20. Bb3 f5 21. c5 Nb5 22. Nc4 Bc6 23. Ba4 Rad8 24. Bxb5 Bxb5 25. Qc3 Bxc4 26. Qxc4 g4 27. Nd2 Qc6 28. Nb3 Qd5 29. Qxd5 Rxd5 30. Red1 Rfd8 31. Kf2 Bxe5 32. Ke3 Bf6 33.
Rd3 Bg5+ 34. Ke2 e5 35. Rc3 exd4 36. Rd3 Re5+ 37. Kf1 Re4 38. Rad1 Bf6 39. Na5 Re7 40. Nc4 Kf7 41. Nd6+ Kg6 42. Rb1 Re3 43. Rxe3 dxe3 44.
Rxb7 Bd4 45. Nf7 Bxc5 46. Nxd8 a5 47. Ne6 Bb4 48. Ke2 Bd2 49. Nc5 Kf6 50. Nb3 Bb4 51.
Rb6+ Ke5 52. Rxh6 a4 53. Nd4 Bd2 54. Nc2 Ke4 55. Ra6 f4 56. gxf4 Kxf4 57. Rxa4+ Kg5 58.
Nxe3 Bxe3 59. Kxe3 Kf5 60. Kf2 Kg5 61. Kg3 Kf5 62. h4 gxh3 63. Kxh3 Kg5 64. Kg3 Kf5 65. Kh4 Kg6 66. Ra5 Kf6 67. Kh5 Ke6 68. Kg6 Kd6 69. Kf7 Kc6 70. g4 Kb6 71. Re5 Kc6 72. g5 Kd6 73. Ra5 Kc6 74. g6 Kb6 75. g7 Kxa5 76. g8=Q Kb5 77. Qc8 Kb6 78. Ke6 Kb5 79. Kd6 Kb6 80. Qc7+ Kb5 81. Qc6+ Kb4 82. Kd5 Kb3 83. Qc5 Kb2 84. Kd4 Kb3 85. Qc4+ Kb2 86. Kd3 Ka1 87. Qb5 Ka2 88. Kc3 Ka1 89. Qb2# 1-0

[Event "Live Chess"]
[Site "Chess.com"]
[Date "2023.05.21"]
[Round "-"]
[White "Vitalii18a"]
[Black "AlexanderMatlak"]
[Result "0-1"]
[WhiteElo "1136"]
[BlackElo "2500"]
[TimeControl "300"]
[EndTime "5:16:01 PDT"]
[Termination "AlexanderMatlak won by checkmate"]

1. e4 c5 2. Nf3 d6 3. c3 Nf6 4.
Bd3 Bg4 5. O-O Nc6 6. h3 Bxf3 7. Qxf3 g6 8. Re1 Bg7 9. Bb5 O-O 10. d4 cxd4 11.
cxd4 Nxd4 12. Qd3 Nd7 13. Bxd7 Qxd7 14. Be3 Nc6 15. Nc3 Ne5 16. Qe2 Rfc8 17. f4 Nc4 18. Red1 Nxb2 19. Qxb2 Bxc3 20. Qf2 Bxa1 21. Rxa1 Qa4 22.
Qg3 Qxe4 23. Qf2 Rc2 24. Qg3 Rac8 25. Bf2 Rc1+ 26. Rxc1 Rxc1+ 27. Kh2 Rc2 28. Bxa7 Rxa2 29. Bb6 Rb2 30. Bf2 b5 31. Bb6 b4 32. h4 b3 33. h5 Rxg2+ 34. Qxg2 Qxg2+ 35. Kxg2 b2 36. hxg6 hxg6 37. Bd8 b1=Q 38. Bxe7 Qe4+ 39. Kg3 Qxe7 40. f5 gxf5 41. Kf4 d5 42. Kxf5 d4 43. Kf4 d3 44.
Kg3 d2 45. Kf2 d1=Q 46. Kg3 Qd3+ 47. Kf4 Qee4+ 48. Kg5 Qf5+ 49. Kh4 Qdh3# 0-1

[Event "Live Chess"]
[Site "Chess.com"]
[Date "2023.05.21"]
[Round "-"]
[White "Ferrarifan27"]
[Black "jbooth"]
[Result "1-0"]
[WhiteElo "2071"]
[BlackElo "1672"]
[TimeControl "300"]
[EndTime "5:16:06 PDT"]
[Termination "Ferrarifan27 won by resignation"]

1. e4 d6 2. d4 Nf6 3. Nc3 Nbd7 4.
Nf3 e5 5. dxe5 dxe5 6. Bc4 Be7 7.
h3 c6 8. Be3 h6 9. O-O Qc7 10.
Bb3 g5 11. Qe2 Nf8 12. Rad1 Ng6 13. Qc4 Be6 14. Qd3 Bxb3 15. axb3 Nf4 16. Bxf4 gxf4 17. Nh4 Rd8 18. Qc4 Nxe4 19. Nxe4 Bxh4 20. Rxd8+ Qxd8 21. Qc5 Qe7 22. Qxa7 O-O 23. Rd1 f5 24. Qc5 Rd8 25. Rxd8+ Qxd8 26. Nd6 Bg5 27. Qxe5 Qd7 28. Nxf5 f3 29.
gxf3 Qd1+ 30. Kg2 Qd2 31. Qe6+ Kf8 32. Qd6+ Qxd6 33. Nxd6 b6 34. Kg3 Bc1 35. Nc4 b5 36. Ne5 c5 37. Nd7+ Ke7 38. Nxc5 Bxb2 39. Nd3 Bd4 40. f4 Ke6 41. Kf3 Kf5 42. Ne1 1-0

[Event "Live Chess"]
[Site "Chess.com"]
[Date "2023.05.21"]
[Round "-"]
[White "JoshMcK"]
[Black "luckywookie"]
[Result "1-0"]
[WhiteElo "1561"]
[BlackElo "783"]
[TimeControl "300"]
[EndTime "5:16:08 PDT"]
[Termination "JoshMcK won by checkmate"]

1. e4 c6 2. d4 d5 3. e5 e6 4. Nf3 Ne7 5. Bd3 Nf5 6. O-O Nd7 7. Bg5 Qb6 8. b3 Nxd4 9. Be3 Nxf3+ 10. Qxf3 Qc7 11.
Bf4 Nxe5 12. Qe3 f6 13. Re1 b6 14. Bxe5 fxe5 15. Qxe5 Qxe5 16. Rxe5 Bd6 17. Re1 e5 18. Nd2 e4 19. Bf1 Be5 20. Rad1 Bf5 21. c4 Bc3 22. cxd5 cxd5 23. Bb5+ Ke7 24. Bc6 Kd6 25. Bxa8 Rxa8 26. Re3 Bb4 27. Nxe4+ Ke5 28. Nc3+ Be4 29. Rxd5+ Kf4 30. Rxe4# 1-0

[Event "Live Chess"]
[Site "Chess.com"]
[Date "2023.05.21"]
[Round "-"]
[White "EdenHazard8"]
[Black "CeladonFish"]
[Result "1-0"]
[WhiteElo "1946"]
[BlackElo "1136"]
[TimeControl "300"]
[EndTime "5:16:46 PDT"]
[Termination "EdenHazard8 won by checkmate"]

1. e4 d6 2. d4 Nf6 3. Nc3 g6 4. f3 Bg7 5. Be3 O-O 6. Qd2 Nbd7 7.
h4 c5 8. d5 a6 9. Bh6 b5 10. h5 b4 11. Na4 Nb6 12. Nxb6 Qxb6 13. hxg6 fxg6 14. Bxg7 Kxg7 15. Qh6+ Kf7 16. Nh3 Bxh3 17.
Rxh3 a5 18. Bc4 a4 19. g4 a3 20. b3 Rg8 21. g5 Nh5 22. Qxh7+ Kf8 23. O-O-O Rg7 24.
Qh6 Kf7 25. f4 Qd8 26. f5 gxf5 27. Qe6+ Kf8 28. Rxh5 Rf7 29. Rh8+ Kg7 30. Qh6# 1-0

[Event "Live Chess"]
[Site "Chess.com"]
[Date "2023.05.21"]
[Round "-"]
[White "NomisY"]
[Black "TheSmoulderingMaster"]
[Result "1-0"]
[WhiteElo "1590"]
[BlackElo "1630"]
[TimeControl "300"]
[EndTime "5:16:53 PDT"]
[Termination "NomisY won by checkmate"]

1. d4 Nf6 2. c4 d6 3. Nc3 g6 4. e4 Bg7 5. f3 O-O 6. Be3 e5 7. Nge2 Nc6 8. d5 Ne7 9. Qd2 c6 10. O-O-O cxd5 11. cxd5 a6 12. g4 b5 13. Ng3 Qa5 14. Kb1 Bd7 15. h4 b4 16. Nce2 Ba4 17. Rc1 Rfc8 18. h5 Rxc1+ 19. Nxc1 Rc8 20. Bd3 Bb5 21.
hxg6 Nxg6 22. Nf5 Bxd3+ 23. Nxd3 Qb5 24. Nxd6 Qd7 25. Nxc8 Qxc8 26. Nxb4 Nf4 27. Nxa6 Qxa6 28. g5 Nd7 29. Rc1 Bf8 30. Bxf4 exf4 31. Qxf4 Qd3+ 32.
Ka1 Qd4 33. Qc7 Bg7 34. Qc3 Nc5 35. Qxd4 Bxd4 36. Kb1 Nd3 37. Rd1 Ne5 38. Rxd4 Nxf3 39. Rc4 Nxg5 40. a4 h5 41. a5 h4 42. a6 h3 43. Rc2 Nxe4 44. a7 Kg7 45. a8=Q Nf6 46. d6 Kg6 47. Qf3 h2 48. Qh3 h1=Q+ 49. Qxh1 Kg5 50.
Rg2+ Kf5 51. Qf1+ Ke6 52. Re2+ Kd7 53. Qxf6 Kc6 54. Re7 Kc5 55. d7 Kc4 56. Qf4+ Kd3 57. Re3+ Kd2 58. Qf2+ Kd1 59. Re1# 1-0

[Event "Live Chess"]
[Site "Chess.com"]
[Date "2023.05.21"]
[Round "-"]
[White "ossie57"]
[Black "LiamClery2020"]
[Result "0-1"]
[WhiteElo "1857"]
[BlackElo "1987"]
[TimeControl "300"]
[EndTime "5:16:58 PDT"]
[Termination "LiamClery2020 won by resignation"]

1. d4 Nf6 2. Nc3 d6 3. Bf4 Nc6 4. e3 Bg4 5. f3 Bh5 6. g4 Bg6 7.
h4 e5 8. Bg3 h5 9. g5 exd4 10.
exd4 Qe7+ 11. Qe2 Qxe2+ 12. Ngxe2 Nd7 13. O-O-O Nb6 14. Nf4 O-O-O 15. Nxg6 fxg6 16. d5 Ne7 17. Bh3+ Nf5 18. Ne2 Kb8 19. Bxf5 gxf5 20. Nd4 g6 21. Ne6 Re8 22. b3 Nxd5 23. Nxf8 Nc3 24. Rd3 Ne2+ 25. Kb2 Nxg3 26. Nxg6 Nxh1 27. Nxh8 Rxh8 28. Re3 Nf2 29. Re7 Nh3 30. g6 Nf4 31. g7 Rg8 32. Rf7 Ne6 33. Rf6 Nxg7 34. Rg6 Kc8 35. Kc3 Kd7 36. Kd3 Ke7 37.
Ke3 Kf7 38. Rg1 Ne6 0-1

[Event "Live Chess"]
[Site "Chess.com"]
[Date "2023.05.21"]
[Round "-"]
[White "MatteoGoffin"]
[Black "JanMur7"]
[Result "0-1"]
[WhiteElo "1467"]
[BlackElo "1956"]
[TimeControl "300"]
[EndTime "5:17:00 PDT"]
[Termination "JanMur7 won on time"]

1. d4 Nf6 2. Nf3 e6 3. e3 Be7 4. Bd3 O-O 5. O-O b6 6. Nbd2 Bb7 7. Re1 d6 8. e4 Nbd7 9. h3 c5 10. c3 cxd4 11. cxd4 e5 12. d5 Nc5 13. Bc2 Ba6 14.
Nb3 Nxb3 15. Bxb3 Nd7 16. a3 Nc5 17. Bc2 Rc8 18. b4 Nd7 19. Be3 Qc7 20. Rc1 Qb8 21. Ba4 b5 22. Bc2 Bb7 23. Ng5 h6 24. Nf3 a6 25. Nh2 Rc4 26. Bb1 Rxc1 27. Bxc1 Nb6 28. Qg4 Kh7 29. Qf5+ g6 30. Qf3 Nc4 31. Ng4 h5 32.
Ne3 Nb6 33. Nf1 Qd8 34. Qe3 g5 35. h4 Kg6 36. Qg3 f6 37. Nh2 Nc4 38. hxg5 fxg5 39.
Nf3 g4 40. Nd2 Nxd2 41. Bxd2 Bg5 42. Bxg5 Qxg5 43. Qe3 Qxe3 44. Rxe3 Rc8 45. Re1 Rc3 46. Kh2 h4 47. Re3 Rxe3 48. fxe3 Kg5 49. Bc2 Bc8 50. Bd1 Bd7 51. Be2 Be8 52. g3 Bh5 53.
gxh4+ Kxh4 54. Kg2 Bg6 55. Bd1 Bxe4+ 56. Kh2 Bxd5 57.
Be2 Bc4 58. e4 g3+ 0-1

[Event "Live Chess"]
[Site "Chess.com"]
[Date "2023.05.21"]
[Round "-"]
[White "srichess4u"]
[Black "KeithArkell"]
[Result "0-1"]
[WhiteElo "611"]
[BlackElo "2488"]
[TimeControl "300"]
[EndTime "5:17:04 PDT"]
[Termination "KeithArkell won by resignation"]

1. e4 c6 2. Bd3 d5 3. e5 c5 4. Nf3 Nc6 5. O-O Bg4 6. Nc3 a6 7. Nxd5 Qxd5 8. Ng5 Bxd1 9. Rxd1 Nxe5 10. Bxh7 Nf3+ 11.
gxf3 Qxg5+ 12. Kh1 Rxh7 13. Rg1 Qh5 0-1

[Event "Live Chess"]
[Site "Chess.com"]
[Date "2023.05.21"]
[Round "-"]
[White "JackRudd"]
[Black "Doge_Dandolo"]
[Result "1-0"]
[WhiteElo "2464"]
[BlackElo "1907"]
[TimeControl "300"]
[EndTime "5:17:11 PDT"]
[Termination "JackRudd won by resignation"]

1. d4 d5 2. c4 c6 3. Nf3 Nf6 4. Nc3 a6 5. a4 a5 6. e3 e6 7.
Bd3 Be7 8. O-O O-O 9. e4 dxe4 10. Nxe4 Nxe4 11. Bxe4 Nd7 12. b3 Nf6 13. Bc2 Bb4 14. Bb2 Qc7 15. Ne5 Rd8 16. Qf3 Bd7 17. Rad1 c5 18.
Qg3 Rac8 19. d5 exd5 20. cxd5 b5 21. d6 Qb7 22. Nxd7 Rxd7 23. Bxf6 1-0

[Event "Live Chess"]
[Site "Chess.com"]
[Date "2023.05.21"]
[Round "-"]
[White "Brooms1989"]
[Black "Nicckui"]
[Result "0-1"]
[WhiteElo "1160"]
[BlackElo "1777"]
[TimeControl "300"]
[EndTime "5:17:12 PDT"]
[Termination "Nicckui won by checkmate"]

1. e4 c6 2. d4 d5 3. f3 dxe4 4. fxe4 e5 5. Nf3 Bg4 6. Be3 Nd7 7. h3 Bxf3 8. Qxf3 Ngf6 9. dxe5 Nxe5 10. Qg3 Qe7 11.
Bd3 O-O-O 12. Bf4 Ng6 13. O-O Nxe4 14. Bxe4 Qxe4 15. c3 Bc5+ 16. Kh1 Nxf4 17. Qxf4 Qxf4 18. Rxf4 Rd1+ 19. Kh2 Bd6 20. g3 Bxf4 21. gxf4 Re8 22. Kg3 Ree1 23. Kf3 Rxb1 24. Rxb1 Rxb1 25. Ke4 Rxb2 26.
a3 Rb3 27. c4 Rxa3 28. c5 Rxh3 29. f5 Rc3 30. f6 gxf6 31. Kf5 Rxc5+ 32. Kxf6 b5 33.
Kxf7 b4 34. Kg7 b3 35. Kxh7 b2 36. Kg7 b1=Q 37. Kh8 Qg1 38. Kh7 Rh5# 0-1

[Event "Live Chess"]
[Site "Chess.com"]
[Date "2023.05.21"]
[Round "-"]
[White "raminguy"]
[Black "GMHarry-youtube"]
[Result "0-1"]
[WhiteElo "1951"]
[BlackElo "2038"]
[TimeControl "300"]
[EndTime "5:17:22 PDT"]
[Termination "GMHarry-youtube won by resignation"]

1. d4 Nf6 2. Nc3 d5 3. Bf4 c5 4. e4 cxd4 5. Qxd4 Nc6 6. Bb5 a6 7. Bxc6+ bxc6 8. O-O-O e6 9. exd5 cxd5 10. Nf3 Bd6 11.
Bg5 O-O 12. Rhe1 h6 13. Bxf6 Qxf6 14. Qxf6 gxf6 15. g3 Bd7 16. Rd4 f5 17. Ne5 Bxe5 18.
Rxe5 f6 19. Re1 Kf7 20. f4 Bb5 21. a4 Bc6 22. b3 Rfc8 23. Kb2 a5 24. Rd2 Ra7 25.
Rde2 d4 26. Nb1 Be4 27. Na3 Rac7 28. Nc4 Ke7 29. Rd2 Rxc4 30. bxc4 Rxc4 31. Ra1 e5 32. fxe5 fxe5 33. Re1 Rxa4 34. g4 Rb4+ 35. Ka1 Ke6 36. gxf5+ Bxf5 37. Rg2 Rc4 38. Rg8 Rxc2 39. Re8+ Kf6 40. R8xe5 d3 41. Rxa5 d2 42. Ra6+ Kg5 43. Rg1+ Bg4 44. Ra5+ Kh4 45. Rd5 Rc1+ 46. Kb2 Rxg1 47. Rxd2 Kh3 48. Kc3 Rg2 49. Rd6 h5 50.
Rh6 Kxh2 51. Kd3 Kg3 52. Ke3 h4 53. Rh8 h3 54. Rh7 h2 55. Rh8 Rg1 0-1

[Event "Live Chess"]
[Site "Chess.com"]
[Date "2023.05.21"]
[Round "-"]
[White "jumush"]
[Black "mliszewski"]
[Result "1-0"]
[WhiteElo "1761"]
[BlackElo "1804"]
[TimeControl "300"]
[EndTime "5:17:30 PDT"]
[Termination "jumush won by checkmate"]

1. e4 c6 2. d4 d5 3. exd5 cxd5 4. Nf3 Nc6 5. Bb5 Nf6 6. Ne5 Bd7 7. Nxd7 Qxd7 8. c3 e6 9. O-O Be7 10. Re1 O-O 11.
Nd2 a6 12. Bd3 b5 13. Nf3 Rfc8 14. Ne5 Qe8 15. Qf3 b4 16. Qh3 bxc3 17. bxc3 Na5 18. Bg5 h6 19. Bd2 Nb7 20. Bc2 Nd6 21. Qd3 Nde4 22.
f3 Nxd2 23. Qxd2 Qb5 24. Rab1 Qa5 25. Rb7 Rc7 26. Rxc7 Qxc7 27. Re3 Rc8 28. g4 Nd7 29. Qd3 Nxe5 30. Qh7+ Kf8 31. Qh8# 1-0